 Dungeon Crawl Stone Soup version 0.17.2-1-ge4368a0 (webtiles) character file.

25 ololoev the Chopper (level 2, -5/24 HPs)
             Began as a Demonspawn Berserker on July 26, 2016.
             Was a Follower of Trog.
             Slain by an orc
             ... wielding a +0 whip of electrocution
              (8 damage)
             ... on level 4 of the Dungeon.
             The game lasted 00:02:01 (314 turns).

ololoev the Chopper (Demonspawn Berserker)           Turns: 314, Time: 00:02:01

Health: -5/24      AC:  5    Str: 17    XL:     2   Next: 82%
Magic:  2/2        EV: 13    Int:  8    God:    Trog [*.....]
Gold:   20         SH:  0    Dex: 12    Spells: 0 memorised, 1 level left

rFire  . . .     SeeInvis .     a - +0 hand axe
rCold  . . .     Clarity  .     e - +0 ring mail
rNeg   . . .     SustAt   .     (no shield)
rPois  .         Gourm    .     (no helmet)
rElec  .         Spirit   .     (no cloak)
rCorr  .         Warding  .     (no gloves)
rMut   .         Stasis   .     (no boots)
MR     .....                    (no amulet)
Stlth  +.........               (no ring)
                                (no ring)

@: not resistant to hostile enchantments, very unstealthy
A: repulsion field 1
a: Berserk, Burn Spellbooks, Renounce Religion


Innate Abilities, Weirdness & Mutations

You are surrounded by a mild repulsion field (EV +2).

Inventory:

Hand Weapons
 a - a +0 hand axe (weapon)
Armour
 e - a +0 ring mail (worn)
Wands
 j - a wand of random effects (37)
Scrolls
 b - a scroll of remove curse {unknown}
 d - a scroll of teleportation {unknown}
 h - a scroll of identify {unknown}
Potions
 f - a potion of flight {unknown}
Comestibles
 c - 4 bread rations
 g - a chunk of flesh
 i - 2 meat rations


   Skills:
 - Level 3.0 Fighting
 * Level 3.3 Axes
 + Level 2.3 Armour
 - Level 1.7 Dodging


You had one spell level left.
You didn't know any spells.


You were on level 4 of the Dungeon.
You worshipped Trog.
Trog was aware of your devotion.
You were not hungry.

You visited 1 branch of the dungeon, and saw 4 of its levels.

You collected 20 gold pieces.

## ## . . .#. ... #.# #.#
#o# #@##### #.#...#
###...#.##### #...........#
# #.####.####.# . #.# #.#
.#.# ##########.#
#.####.#.### #..........#
#.##.......
##..######..####.##.#.#.####

Notes
Turn   | Place    | Note
--------------------------------------------------------------
     0 | D:1      | ololoev the Demonspawn Berserker began the quest for the Orb.
     0 | D:1      | Reached XP level 1. HP: 18/18 MP: 1/1
   152 | D:2      | Gained mutation: You are surrounded by a mild repulsion field (EV +2). [demonic ancestry]
   152 | D:2      | Reached XP level 2. HP: 24/24 MP: 2/2
   314 | D:4      | Slain by an orc

Dungeon Overview and Level Annotations

Branches:
Dungeon (4/15)
 Temple: D:4-7

Altars:


Message History

The jackal is heavily wounded.
The jackal closely misses you. x2
Press: ? - help, v - describe, . - travel
Here: an orc, wielding a whip of electrocution The floor.
You hit the jackal.
You kill the jackal!
Trog accepts your kill. The jackal completely misses you.
You hit the jackal.
The jackal is severely wounded.
The jackal bites you but does no damage.
The jackal barely misses you.
You miss the jackal.
The jackal is severely wounded.
The jackal bites you but does no damage.
You barely miss the jackal.
The jackal is severely wounded.
The jackal bites you but does no damage.
The jackal closely misses you.
You closely miss the jackal.
The jackal is severely wounded.
The jackal misses you.
You hit the jackal.
You kill the jackal!
Trog accepts your kill. The orc hits you but does no damage.
You hit the orc but do no damage. The orc hits you but does no damage.
You hit the orc.
The orc is heavily wounded.
The orc hits you but does no damage.
You hit the orc.
The orc is severely wounded.
The orc hits you but does no damage.
You are electrocuted!
Ouch! That really hurt!
You completely miss the orc.
The orc is severely wounded.
The orc hits you with a whip of electrocution.
You are electrocuted!
You die...

You could see an orc.

Vanquished Creatures
  An adder (D:2)
  A worm (D:4)
  A hobgoblin (D:3)
  4 jackals (D:4)
  3 kobolds
  A ball python (D:1)
  A goblin (D:2)
  A rat (D:2)
13 creatures vanquished.

Action                   || total
-------------------------++-------
Melee: Hand axe          ||    37
Invok: Berserk           ||     2

Vault maps used:
D:1:      mrwooster_arrival_statue_3
D:2:      first_bread, minmay_misc_feat_pillars
D:3:      minmay_bisected
D:4:      minitemple, minmay_rat_hole
